cohdb
Replays
Latest Replays
All Replays
Popular Replays
Top Player Replays
Match Explorer
How It Works
Community
CoH3 Stats
Reddit
Sign in to upload your games and track your stats! →
Sign in with Steam
Match 40107659
Unlisted
Match 40107659
Overview
Messages
Build Orders
End
Panzergrenadier Squad
Selects Panzerjäger Kommand Battlegroup
Panzergrenadier Squad
Panzergrenadier Squad
Construct Light Support Kompanie
Fire Support Elements
Flakvierling Half-track
Vehicle Survival Package
2.5-tonne Medical Truck
Tungsten Core Ammunition
Construct Panzerarmee Kommand
Selects Mine Fields
Selects Defensive Positions
CptSteenkist
DaRtH VaDeRX2020
Alika-v
xingluo99kk1
SirFecker
JIANHU
抖音呆呆河马-英3小程序
TIAmoRoselia.
0
0
Comments
sign in to comment!
No comments posted yet!